 Dungeon Crawl Stone Soup version 0.27.0-1-g7a089689b8 (webtiles) character file.

Game seed: 4509893109530906226

51 AlmostDecent the Skirmisher (level 3, -1/24 HPs)
             Began as a Gargoyle Fighter on Aug 3, 2021.
             Killed by divine providence
             ... invoked by an orc priest
              (12 damage)
             ... on level 2 of the Dungeon.
             The game lasted 00:04:14 (2057 turns).

AlmostDecent the Skirmisher (Gargoyle Fighter)      Turns: 2057, Time: 00:04:15

Health: -1/24      AC: 12    Str: 19    XL:     3   Next: 81%
Magic:  3/3        EV:  5    Int:  8    God:
Gold:   52         SH:  9    Dex: 10    Spells: 2/2 levels left

rFire    . . .     SeeInvis .   a - +0 war axe
rCold    . . .     Faith    .   c - +0 kite shield
rNeg     + . .     Spirit   .   j - +0 chain mail
rPois    ∞         Reflect  .   (no helmet)
rElec    +         Harm     .   (no cloak)
rCorr    .         Rampage  .   (no gloves)
Will     .....                  (no boots)
Stlth    ..........             (no amulet)
HPRegen  0.08/turn              (no ring)
MPRegen  0.08/turn              (no ring)

@: no status effects
A: sickness immunity, AC +3, negative energy resistance 1, electricity
resistance, torment resistance 1, petrification resistance
a: no special abilities


You were on level 2 of the Dungeon.
You visited 1 branch of the dungeon, and saw 2 of its levels.

You collected 52 gold pieces.

Inventory:

Hand Weapons
 a - a +0 war axe (weapon)
 b - a +2 mace of draining
Armour
 c - a +0 kite shield (worn)
 j - a +0 chain mail (worn)
Scrolls
 e - a scroll of identify {unknown}
 h - a scroll of teleportation {unknown}
 i - a scroll of torment {unknown}
Potions
 d - a potion of might
 f - 2 potions of flight {unknown}
 g - 2 potions of experience {unknown}


   Skills:
 + Level 3.7 Fighting
 * Level 3.0 Axes
 - Level 3.5 Armour
 - Level 3.4 Shields


You had 2 spell levels left.
You didn't know any spells.
Your spell library contained the following spells:

 Spells                   Type           Power      Damage    Failure   Level
 Iskenderun's Battlesphe  Conj           0%         2d6       100%        5
 Iron Shot                Conj/Erth      0%         9d1       100%        6
 Spellforged Servitor     Conj/Summ      0%         N/A       100%        7


Dungeon Overview and Level Annotations

Branches:
Dungeon (2/15)

Altars:

Shops:
D:1 *


Innate Abilities, Weirdness & Mutations

You are immune to sickness and miasma.
Your stone body is resilient. (AC +3)
You are immune to poison.
You resist negative energy. (rN+)
You are resistant to electric shocks. (rElec)
You are resistant to unholy torment.
You are immune to petrification.


Message History

The orc is heavily wounded.
The orc completely misses you.
An orc priest comes into view. It is wielding a +0 dagger.
You block the orc's attack.
The orc priest shouts!
You hit the orc but do no damage.
The orc is heavily wounded.
You block the orc's attack.
You barely miss the orc.
The orc is heavily wounded.
The hobgoblin hits you but does no damage.
The orc hits you with a +0 falchion.
You are too injured to fight recklessly!
You are too injured to fight recklessly!
You are too injured to fight recklessly!
You are too injured to fight recklessly!
You are too injured to fight recklessly!
You barely miss the orc.
The orc is heavily wounded.
You slash the hobgoblin!
You kill the hobgoblin!
You block the orc's attack.
You slash the orc!
You kill the orc!
Your Axes skill increases to level 3!
You closely miss the orc priest. You block the orc priest's attack.
The orc priest barely misses you.
You barely miss the orc priest.
The orc priest hits you but does no damage.
You closely miss the orc priest.
The orc priest hits you but does no damage. x2
You slash the orc priest!
The orc priest is heavily wounded.
The orc priest barely misses you.
You closely miss the orc priest.
The orc priest is heavily wounded.
The orc priest invokes the aid of Beogh against you.
Beogh smites you!
Ouch! That really hurt!
You die...

#..# #.# #..# #.#
#..### #.#
#..#.####### #.#
#.))...^.... #.#
#....#######.#.#####
#.#..# #.......#
...#..# ###.###.#
###.#@.# ...# #.#
#...o)....# #####
#.# #.#.#####.# #.#
... # #.# #.#
#####.# #. #.....# #
#.#.####.#####
..............
##....†#.##.##


You could see an orc priest.

Vanquished Creatures
  A gnoll (D:1)
  2 dart slugs
  3 orcs (D:2)
  5 ball pythons
  3 bats (D:1)
  4 endoplasms
  A giant cockroach (D:1)
  2 goblins (D:1)
  4 hobgoblins
  A kobold (D:1)
  2 quokkas (D:1)
  2 rats
30 creatures vanquished.

Notes
Turn   | Place    | Note
-------+----------+-------------------------------------------
     0 | D:1      | AlmostDecent the Gargoyle Fighter began the quest for the
                  | Orb.
     0 | D:1      | Reached XP level 1. HP: 14/14 MP: 1/1
   354 | D:1      | Reached XP level 2. HP: 19/19 MP: 2/2
   948 | D:1      | Found Riegaj's General Store.
   969 | D:1      | Reached XP level 3. HP: 23/23 MP: 3/3
  2057 | D:2      | Killed from afar by an orc priest

Illustrated notes

Levels and vault maps discovered:
D:1:      minmay_arrival_nine_rooms, layout_basic, serial_shops,
          nicolae_shop_statue_plus, hangedman_decor_diamond_cutter,
          bh_walls_and_bars
D:2:      layout_loops_ring

Skill      XL: |  1  2  3 |
---------------+----------+-----
Axes           | 2 3 |  3.0
Fighting       | |  3.7
Armour         | |  3.5
Shields        | |  3.4

Action                   || total
-------------------------++-------
Melee: War axe           ||    97
Armor: Scale mail        ||    26
       Chain mail        ||    32
Dodge: Dodged            ||    33
Block: Kite shield       ||    59
